 Dungeon Crawl Stone Soup version 0.24-a0-291-g79c1ce7 (webtiles) character file.

Game seed: 15814527610273775947

537 mortelune the Firebug (level 7, -7/57 HPs)
             Began as a Green Draconian Fire Elementalist on May 9, 2019.
             Was an Initiate of Vehumet.
             Mangled by Prince Ribbit (9 damage)
             ... on level 5 of the Dungeon.
             The game lasted 00:19:59 (6247 turns).

mortelune the Firebug (DrFE)                        Turns: 6247, Time: 00:19:59

Health: -7/57      AC:  8    Str: 11    XL:     7   Next: 5%
Magic:  1/12       EV: 12    Int: 17    God:    Vehumet [......]
Gold:   244        SH:  2    Dex: 11    Spells: 3/13 levels left

rFire    . . .     SeeInvis .   q - +2 spear (freeze)
rCold    . . .     Gourm    .   (no shield)
rNeg     . . .     Faith    .   (armour unavailable)
rPois    +         Spirit   .   (helmet restricted)
rElec    .         Reflect  +   d - +0 cloak
rCorr    +         Harm     .   (no gloves)
MR       .....                  m - +0 pair of boots
Stlth    ++........             p - +2 amulet of reflection (curse)
HPRegen  0.19/turn              t - ring of resist corrosion
MPRegen  0.13/turn              (no ring)

@: about to teleport, very slightly contaminated
A: breathe noxious fumes, unfitting armour, antennae 1, poison resistance,
cold-blooded, subdued magic 1, AC +6
a: Breathe Noxious Fumes, Renounce Religion


You were on level 5 of the Dungeon.
You worshipped Vehumet.
Vehumet was noncommittal.
You were hungry.

You visited 1 branch of the dungeon, and saw 5 of its levels.

You collected 244 gold pieces.

Inventory:

Hand Weapons
 e - a +0 short sword
 j - a +0 flail
 q - a +2 spear of freezing (weapon)
Armour
 d - a +0 cloak (worn)
 m - a +0 pair of boots (worn)
Jewellery
 p - a cursed +2 amulet of reflection (around neck)
 t - a ring of resist corrosion (left hand)
Scrolls
 a - 2 scrolls of amnesia {unknown}
 c - 4 scrolls of identify {unknown}
 f - a scroll of teleportation
 i - a scroll of blinking {unknown}
 l - 3 scrolls of noise {unknown}
 r - a scroll of fog {unknown}
 u - a scroll of magic mapping
Potions
 g - 2 potions of mutation
 h - a potion of curing
 k - a potion of agility {unknown}
 n - a potion of invisibility {unknown}
 o - a potion of heal wounds
Comestibles
 b - 9 rations
 s - a chunk of flesh


   Skills:
 + Level 3.0 Fighting
 - Level 1.7 Dodging
 - Level 1.7 Stealth
 + Level 3.7 Spellcasting
 * Level 4.0 Conjurations
 * Level 5.1 Fire Magic


You had 3 spell levels left.
You knew the following spells:

 Your Spells              Type           Power        Failure   Level  Hunger
a - Flame Tongue          Conj/Fire      ##...        1%          1    None
b - Throw Flame           Conj/Fire      ##....       2%          2    ##.....
c - Conjure Flame         Conj/Fire      ##......     6%          3    ###....
d - Sticky Flame          Conj/Fire      ##......     21%         4    ####...

Your spell library contained the following spells:

 Spells                   Type           Power        Failure   Level  Hunger
 Animate Skeleton         Necr           N/A          13%         1    None
 Apportation              Tloc           #.....       13%         1    None
 Confusing Touch          Hex            #.....       13%         1    None
 Summon Small Mammal      Summ           #...         13%         1    None
 Inner Flame              Hex/Fire       #.......     14%         3    ###....
 Fireball                 Conj/Fire      ##........   52%         5    ######.


Dungeon Overview and Level Annotations

Branches:
Dungeon (5/15)
 Temple: D:4-7

Altars:
Hepliaklqana
Okawaru
Vehumet

Shops:
D:5 %[%

Annotations:
D:3 3 runed translucent doors, mhoghedin's ghost, amateur DgTm; nikopol's ghost, weakling DEFE
D:5 Grinder; Prince Ribbit


Innate Abilities, Weirdness & Mutations

You can breathe blasts of noxious fumes.
Your lurid green scales are hard. (AC +6)
You cannot fit into any form of body armour.
Your system is resistant to poisons. (rPois)
You are cold-blooded and may be slowed by cold attacks.
You have a pair of small antennae on your head.
Your spells are a little easier to cast, but a little less powerful.


Message History

You are feeling hungry.
The two-headed ogre hits you with a +0 giant club!!
The two-headed ogre hits you with a +0 giant club!
There is a stone staircase leading up, spattered with blood here.
Found a stone staircase leading down.
As you read the scroll of teleportation, it crumbles to dust.
You feel strangely unstable. The two-headed ogre misses you.
The two-headed ogre hits you with a +0 giant club!!
* * * LOW HITPOINT WARNING * * *
Your surroundings suddenly seem different.
Prince Ribbit comes into view.
Prince Ribbit gives a loud, deep croak!
A leopard gecko comes into view.
The leopard gecko hisses angrily.
A hound skeleton comes into view.
Found 14 sling bullets.
Prince Ribbit blinks!
As you read the scroll of teleportation, it crumbles to dust.
You feel strangely unstable. Prince Ribbit hits you!
You die...

##. ..#.. ...#
.....
....######.....
...............
.Z........ยง....
##..........#
...... #.........#
#....##... #.l.#
#....#..$# #.@##
##.......# #F.#
##.......# #...#
#........####.#.(#
..##...!.#.#.##.##
..##.........##.
..#............#
............. #
...........#


You could see Prince Ribbit, a leopard gecko and a hound skeleton (wandering).

Vanquished Creatures
  An ogre (D:2)
  A scorpion (D:4)
  An orc priest (D:2)
  5 orc wizards
  3 worker ants
  3 adders
  4 gnolls (D:4)
  2 oozes (D:1)
  4 dart slugs
  2 leopard geckos
  11 orcs
  5 giant cockroaches
  9 goblins
  6 hobgoblins
  5 jackals
  5 kobolds
  A quokka (D:3)
  2 ball pythons
  7 bats
  4 frilled lizards
  4 rats
85 creatures vanquished.

Vanquished Creatures (others)
  A withered plant (D:3)
1 creature vanquished.

Grand Total: 86 creatures vanquished

Notes
Turn   | Place    | Note
-------+----------+-------------------------------------------
     0 | D:1      | mortelune the Draconian Fire Elementalist began the quest
                  | for the Orb.
     0 | D:1      | Reached XP level 1. HP: 14/14 MP: 3/3
   387 | D:1      | Reached XP level 2. HP: 17/22 MP: 1/5
   434 | D:1      | Learned a level 2 spell: Throw Flame
   720 | D:1      | Reached skill level 1 in Fighting
   814 | D:1      | Reached XP level 3. HP: 28/28 MP: 2/6
  1518 | D:2      | Noticed an ogre
  1610 | D:3      | Learned a level 3 spell: Conjure Flame
  1645 | D:3      | Reached XP level 4. HP: 35/35 MP: 1/8
  2239 | D:3      | You fall through a shaft!
  2246 | D:4      | Found a radiant altar of Vehumet.
  2255 | D:4      | Became a worshipper of Vehumet
  2358 | D:3      | Found a runed translucent gate.
  2358 | D:3      | Found a runed translucent gate.
  2358 | D:3      | Found a runed translucent gate.
  2358 | D:3      | Noticed mhoghedin's ghost (amateur DgTm)
  2359 | D:3      | Noticed nikopol's ghost (weakling DEFE)
  3011 | D:4      | Reached XP level 5. HP: 41/41 MP: 9/9
  3017 | D:4      | Learned a level 4 spell: Sticky Flame
  3140 | D:4      | Reached skill level 4 in Fire Magic
  3961 | D:5      | Entered Level 5 of the Dungeon
  3961 | D:5      | Found Linemie's Food Emporium.
  4085 | D:5      | Found Ruurghab's Food Shoppe.
  4085 | D:5      | Found Eqotumoh's Armour Shop.
  4085 | D:5      | Noticed Grinder
  4088 | D:5      | Paralysed by Grinder for 6 turns
  4260 | D:2      | Found a hazy altar of Hepliaklqana.
  4281 | D:2      | Found an iron altar of Okawaru.
  4765 | D:2      | Reached XP level 6. HP: 49/49 MP: 6/11
  5895 | D:5      | Gained mutation: Your spells are a little easier to cast,
                  | but a little less powerful. [potion of mutation]
  5895 | D:5      | Gained mutation: You have a pair of small antennae on your
                  | head. [potion of mutation]
  5919 | D:4      | Reached skill level 5 in Fire Magic
  6115 | D:5      | Your scales start taking on a lurid green colour.
  6115 | D:5      | Reached XP level 7. HP: 57/57 MP: 2/12
  6115 | D:5      | Gained mutation: Your system is resistant to poisons.
                  | (rPois) [Green Draconian growth]
  6219 | D:5      | Noticed a two-headed ogre
  6242 | D:5      | HP: 1/57 [two-headed ogre/+0 giant club (19)]
  6245 | D:5      | Noticed Prince Ribbit
  6247 | D:5      | Mangled by Prince Ribbit

Levels and vault maps discovered:
D:1:      lemuel_arrival_muddy, layout_basic, minmay_statues_item,
          chequers_serial_rivers_micro_c
D:2:      layout_basic, lemuel_crystal_altar, lemuel_crystal_altar
D:3:      layout_basic, gammafunk_ghost_cemetery
D:4:      layout_loops_cross, lemuel_crystal_altar, mrwooster_statue_mirror
D:5:      layout_layer_cave, marbit_many_paths, first_ration, serial_shops,
          nicolae_shop_crystal, shop, shop_fountains, uniq_prince_ribbit1,
          uniq_ijyb, uniq_grinder

Skill      XL: |  1  2  3  4  5  6 |
---------------+-------------------+-----
Fighting       | 1 2 3 |  3.0
Conjurations   | 2 3 4 |  4.0
Spellcasting   | 3 |  3.7
Fire Magic     | 4 5 |  5.1
Dodging        | |  1.7
Stealth        | |  1.7

Action                   |  1- 3 |  4- 6 |  7- 9 || total
-------------------------+-------+-------+-------++-------
Melee: Unarmed           |     2 |       |       ||     2
       Short sword       |     1 |       |       ||     1
       Flail             |       |     6 |       ||     6
       Tailslap          |       |     2 |       ||     2
       Spear             |       |    22 |       ||    22
 Cast: Flame Tongue      |    34 |    58 |     5 ||    97
       Throw Flame       |    12 |    78 |     3 ||    93
       Conjure Flame     |       |     3 |       ||     3
       Sticky Flame      |       |     3 |       ||     3
 Abil: Breathe Noxious F |       |       |     1 ||     1
  Use: Scroll            |     3 |     2 |     2 ||     7
       Potion            |       |     2 |       ||     2
  Eat: Chunk             |     3 |    18 |     2 ||    23
Armor: Skin              |    12 |    17 |       ||    29
Dodge: Dodged            |    22 |    32 |     1 ||    55
Block: Other             |       |     2 |       ||     2

Table legend:
 A = Non-vault XP
 B = Vault XP
 C = Vault XP percentage of total XP
 D = Non-vault monster count
 E = Vault monster count
 F = Vault count percentage of total count
                 A         B        C        D         E       F
            +---------+---------+-------+---------+---------+-------
      Total |     765 |       3 |   0.4 |      84 |       1 |   1.2
            +---------+---------+-------+---------+---------+-------
        D:1 |      49 |       0 |   0.0 |      20 |       0 |   0.0
        D:2 |     308 |       0 |   0.0 |      26 |       0 |   0.0
        D:3 |      90 |       0 |   0.0 |      21 |       0 |   0.0
        D:4 |     234 |       3 |   1.3 |      11 |       1 |   8.3
        D:5 |      84 |       0 |   0.0 |       6 |       0 |   0.0
            +---------+---------+-------+---------+---------+-------
